 Dungeon Crawl Stone Soup version 0.29.1-13-g9f3cf754e1 (webtiles) character file.

Game seed: 8402492748438658334

14 croobank the Sneak (level 2, -1/18 HPs)
             Began as an Octopode Artificer on Feb 3, 2023.
             Slain by a jackal (3 damage)
             ... on level 1 of the Dungeon.
             The game lasted 00:00:57 (461 turns).

croobank the Sneak (Octopode Artificer)              Turns: 461, Time: 00:00:58

Health: -1/18      AC:  1    Str: 11    XL:     2   Next: 41%
Magic:  2/2        EV: 13    Int: 13    God:
Gold:   25         SH:  0    Dex: 12    Spells: 1/1 levels left

rFire   . . .      SeeInvis .   f - +0 dagger
rCold   . . .      Faith    .   (no shield)
rNeg    . . .      Spirit   .   (helmet restricted)
rPois   .          Reflect  .   (no amulet)
rElec   .          Harm     .   (no ring)
rCorr   .          Rampage  .   (no ring)
Will    .....                   (no ring)
Stlth   +++.......              (no ring)
HPRegen 0.06/turn               (no ring)
MPRegen 0.08/turn               (no ring)
                                (no ring)
                                (no ring)

@: no status effects
A: almost no armour, amphibious, 8 rings, camouflage 1, gelatinous body 1,
(nimble swimmer 1), tentacles
a: no special abilities


You were on level 1 of the Dungeon.
You visited 1 branch of the dungeon, and saw 1 of its levels.

You collected 25 gold pieces.

Inventory:

Hand Weapons
 a - a +0 club
 f - a +0 dagger (weapon)
 h - a +0 short sword
Wands
 b - a wand of flame (15) (quivered)
 c - a wand of charming (15)
 d - a wand of iceblast (5)
Scrolls
 e - 2 scrolls of identify {unknown}
Potions
 g - a potion of attraction {unknown}


   Skills:
 - Level 1.0 Fighting
 - Level 2.3 Dodging
 + Level 3.5 Stealth
 - Level 3.2 Evocations


You had one spell level left.
You didn't know any spells.
Your spell library was empty.

Dungeon Overview and Level Annotations

Branches:
Dungeon (1/15)

Altars:


Innate Abilities, Weirdness & Mutations

You cannot wear most types of armour.
You are amphibious.
You can wear up to eight rings at the same time.
Your skin changes colour to match your surroundings (Stealth+).
Your rubbery body absorbs attacks. (AC +1, EV +1)
((You are camouflaged when in or above water. (Stealth+)))
You have tentacles for arms and can constrict up to eight enemies at once.


Message History

The goblin shouts!
The endoplasm quivers.
The bat hits you. x2; The rat barely misses you.
The jackal barks! x2
You hit the rat. You grab the rat.
The rat is moderately wounded.
You constrict the rat.
You kill the rat!
The bat hits you but does no damage.
You hit the bat but do no damage. Your grab misses the bat. The bat misses you.
The endoplasm freezes you.
You are frozen.
You hit the endoplasm. Your squeeze misses the endoplasm.
The endoplasm is heavily wounded.
The endoplasm freezes you.
You are frozen.
The bat barely misses you.
You hit the endoplasm.
The endoplasm is almost dead.
The bat misses you. The endoplasm freezes you.
You are frozen.
You are too injured to fight recklessly!
You are too injured to fight recklessly!
The jackal attacks as you move away! The jackal completely misses you.
The bat barely misses you. The endoplasm attacks as you move away!
The endoplasm hits you. The jackal attacks as you move away!
The jackal bites you but does no damage.
The bat closely misses you. The bat hits you.
* * * LOW HITPOINT WARNING * * *
Unknown command.
The bat misses you. The bat completely misses you. The endoplasm hits you.
* * * LOW HITPOINT WARNING * * *
The jackal bites you.
* * * LOW HITPOINT WARNING * * *
The bat hits you.
* * * LOW HITPOINT WARNING * * *
The jackal bites you.
You die...

#####.....# #.........#
#.........# #########
#.........######.......# ##
.......................#...
#........†######...†.......
#.....###.# #b...†......
......# #.#### #Jh.........
#####.# #....###@hg........
# #[# ####.....h......... #
#.. ####....###..... ..#
#.....# #.... ..........
.... ######.##...### ...
#....#.##...# ##..#
#.##.#.##...### .#..#
#.#..#.# .....


You could see an endoplasm, 3 jackals, a goblin and a bat.

Vanquished Creatures
  2 ball pythons (D:1)
  A bat (D:1)
  An endoplasm (D:1)
  A goblin (D:1)
  2 quokkas (D:1)
  A frilled lizard (D:1)
  A kobold (D:1)
  4 rats (D:1)
13 creatures vanquished.

Notes
Turn   | Place    | Note
-------+----------+-------------------------------------------
     0 | D:1      | croobank the Octopode Artificer began the quest for the
                  | Orb.
     0 | D:1      | Reached XP level 1. HP: 13/13 MP: 1/1
    75 | D:1      | Reached XP level 2. HP: 8/18 MP: 2/2
   461 | D:1      | Slain by a jackal

Illustrated notes

Levels and vault maps discovered:
D:1:      zelgadis_glass_arrival_small, layout_rooms,
          corexii_item_surrounded_by_moat

Skill      XL: |  1  2 |
---------------+-------+-----
Stealth        | 2 3 |  3.5
Fighting       | |  1.0
Dodging        | |  2.3
Evocations     | |  3.2

Action                   || total
-------------------------++-------
Melee: Dagger            ||    24
       Constrict         ||     4
       Tentacles         ||     3
       Club              ||     1
 Stab: Sleeping          ||     6
Armor: Skin              ||     3
Dodge: Dodged            ||    17
